 Dungeon Crawl Stone Soup version 0.31.0-32-g396128a36d (webtiles) character file.

Game seed: 10147519056279938641

11000 monsoonserge the Spear-Bearer (level 11, -5/112 HPs)
             Began as an Octopode Shapeshifter on Apr 8, 2024.
             Was an Initiate of Gozag.
             Shot with a bolt by a yaktaur (13 damage)
             ... on level 11 of the Dungeon.
             The game lasted 00:32:46 (10741 turns).

monsoonserge the Spear-Bearer (OpSh)               Turns: 10741, Time: 00:32:47

Health: -5/112     AC: 25    Str: 18    XL:     11   Next: 70%
Magic:  21/21      EV:  2    Int: 12    God:    Gozag
Gold:   689        SH:  5    Dex: 12    Spells: 8/12 levels left

rFire   + . .        a - +5 trident (distort)
rCold   . . .        t - +0 buckler
rNeg    . . .        (helmet currently unavailable)
rPois   +            u - amulet of magic regeneration
rElec   .            g - ring of willpower
rCorr   .            G - ring of protection from fire
SInv    .            M - ring of magical power
Will    +....        (no ring)
Stlth   +++          (no ring)
HPRegen 0.38/turn    (no ring)
MPRegen 0.57/turn    (no ring)
                     (no ring)

%: no passive effects
@: tree-form, gold aura, hasted, very quick
A: stationary, stasis, torment immunity, boosted hp, almost no armour,
(amphibious), 8 rings, (camouflage 1), (gelatinous body 1), (nimble swimmer 1),
(tentacles)
a: Renounce Religion, Potion Petition, Call Merchant, Bribe Branch


You were on level 11 of the Dungeon.
You worshipped Gozag.
Gozag was pleased with you.
You were a tree.
You visited 2 branches of the dungeon, and saw 12 of its levels.

You collected 1268 gold pieces.
You paid 579 gold pieces to Gozag.

Inventory:

Hand Weapons
 a - a +5 trident of distortion (weapon)
Missiles
 o - 7 boomerangs
 q - 19 poisoned darts (quivered)
 A - 3 atropa-tipped darts
 B - a curare-tipped dart
 I - 2 throwing nets
Armour
 t - a +0 buckler (worn)
Jewellery
 g - a ring of willpower (left branch)
 u - an amulet of magic regeneration (around neck)
 w - the amulet "Hopparav" {Acrobat *Slow rElec rC+}
   (You found it on level 6 of the Dungeon)

   [amulet of the acrobat]

   Acrobat:   It increases your evasion while moving and waiting.
   rC+:       It protects you from cold.
   rElec:     It insulates you from electricity.
   *Slow:     It may slow you when you take damage.
 G - a ring of protection from fire (right branch)
 M - a ring of magical power (on tentacle)
Talismans
 b - a beast talisman
 c - a flux talisman
 v - a granite talisman
Wands
 s - a wand of flame (21)
 x - a wand of mindburst (19)
 C - a wand of digging (5)
 E - a wand of acid (10)
 L - a wand of roots (5)
Scrolls
 f - 6 scrolls of teleportation
 h - 3 scrolls of enchant weapon {unknown}
 i - a scroll of enchant armour {unknown}
 k - 3 scrolls of noise {unknown}
 l - 2 scrolls of immolation {unknown}
 m - 2 scrolls of revelation {unknown}
 n - 2 scrolls of vulnerability {unknown}
 y - 4 scrolls of fear {unknown}
 z - 2 scrolls of fog {unknown}
 D - 2 scrolls of blinking {unknown}
Potions
 d - 5 potions of curing
 e - 6 potions of heal wounds
 j - a potion of haste
 p - a potion of mutation
 r - a potion of berserk rage
 F - 2 potions of lignification
 H - a potion of enlightenment {unknown}
 J - a potion of resistance {unknown}
 K - a potion of might {unknown}


   Skills:
 + Level 7.5 Fighting
 * Level 10.7 Polearms
 - Level 1.0 Throwing
 + Level 7.8 Dodging
 - Level 6.0 Stealth
 + Level 4.6 Shields
 - Level 3.4 Unarmed Combat
 - Level 1.0 Spellcasting
 * Level 2.8 Translocations
 - Level 2.0 Evocations
 + Level 6.6 Shapeshifting


You had 8 spell levels left.
You knew the following spells:

 Your Spells              Type           Power      Damage    Failure   Level
a - Blink                 Tloc           14%        N/A       17%         2
b - Lesser Beckoning      Tloc           14%        N/A       17%         2

Your spell library contained the following spells:

 Spells                   Type           Power      Damage    Failure   Level
 Momentum Strike          Conj/Tloc      8%         3d8       30%         2
 Jinxbite                 Hex            0%         N/A       50%         2
 Yara's Violent Unravell  Hex/Alch       0%         3d3       100%        5
 Enfeeble                 Hex            0%         N/A       100%        7


Dungeon Overview and Level Annotations

Branches:
Dungeon (11/15)            Temple (1/1) D:7
   Lair: D:8-11         Orc: D:9-12

Altars:
Ashenzari
Cheibriados
Dithmenos
Elyvilon
Fedhas
Gozag
Hepliaklqana
Kikubaaqudgha
Makhleb
Nemelex Xobeh
Okawaru
Qazlal
Ru
Sif Muna
Trog
Uskayaw
Vehumet
Wu Jian
Xom
Yredelemnul
Zin
The Shining One

Shops:
D:2 (   D:7 [

Annotations:
D:7 Jeremiah
D:10 Sonja
Abyss:1 Joseph


Innate Abilities, Weirdness & Mutations

You are a tree.
Your roots penetrate the ground, keeping you stationary.
You cannot be teleported.
You are immune to unholy pain and torment.
Your maximum health is greatly increased.
You cannot wear most types of armour.
((You are amphibious.))
You can wear up to eight rings at the same time.
((Your skin changes colour to match your surroundings (Stealth+).))
((Your rubbery body absorbs attacks. (AC +1, EV +1)))
((You are camouflaged when in or above water. (Stealth+)))
((You have tentacles for arms and can constrict up to eight enemies at once.))


Message History

The yaktaur hits you but does no damage.
The yaktaur hits you.
* * * LOW HITPOINT WARNING * * *
Unknown command.
You hit the yaktaur.
Space warps around the yaktaur.
The yaktaur is heavily wounded.
The yaktaur hits you but does no damage.
The yaktaur shoots a bolt.
The bolt hits you.
* * * LOW HITPOINT WARNING * * *
Unknown command.
You puncture the yaktaur!
Space warps around the yaktaur.
The yaktaur is almost dead.
You block the yaktaur's attack. x2
It was a potion of heal wounds.
You feel much better.
The yaktaur hits you but does no damage.
The yaktaur shoots a bolt.
The bolt hits you!
* * * LOW HITPOINT WARNING * * *
You block the yaktaur's attack. The yaktaur hits you!
* * * LOW HITPOINT WARNING * * *
Unknown command.
You puncture the yaktaur!
You kill the yaktaur!
The yaktaur hits you but does no damage.
Unknown command.
You puncture the yaktaur!
The yaktaur is devoured by a tear in reality.
The yaktaur hits you but does no damage.
You hit the yaktaur.
The yaktaur is lightly wounded.
The yaktaur blinks!
The yaktaur shoots a bolt.
The bolt hits you!
* * * LOW HITPOINT WARNING * * *
Reach: a) +5 trident (distort)
Press: ? - help, Dir - move target, f - yaktaur
Aim: a yaktaur, wielding a +0 arbalest (about 14% to evade your +5 trident of distortion)
You reach to attack!
You puncture the yaktaur!
The yaktaur is moderately wounded.
The yaktaur blinks!
The yaktaur wields a +0 arbalest.
The yaktaur shoots a bolt.
The bolt hits you!
You die...
Your body crumbles into a pile of gold.

#..####..####
.............###
......>........#
..............#
..c.........#
#..........#
.##.c....<..#
.....§§§...##
......§♣#...#
....#..$#...#
... #.§.##.##
..[### ## ##.#
#. #


You could see 2 yaktaurs.

Vanquished Creatures
  2 two-headed ogres (D:8)
  Erica (D:9)
  Maurice (D:9)
  The ghost of flammie80 the Cudgeller, a novice FoMo of Gozag (D:5)
  Maggie (D:7)
  2 rime drakes (D:7)
  A yaktaur (D:11)
  2 trolls
  The ghost of zeteo the Conjurer, a novice GrCj of Vehumet (D:5)
  The ghost of Consumeair16 the Conjurer, an amateur GnCj of Elyvilon (D:4)
  A shadow (D:10)
  A slime creature (D:8)
  6 yaks
  A steam dragon (D:7)
  An acid dragon (D:10)
  2 water moccasins
  2 orc warriors
  2 ice beasts (D:7)
  2 sky beasts
  A black bear (D:5)
  5 centaurs
  2 kobold brigands
  A brain worm (D:6)
  2 bullfrogs
  2 gnoll sergeants
  5 scorpions
  16 killer bees
  An electric eel (D:8)
  A howler monkey (D:10)
  4 jellies
  5 orc priests
  3 bombardier beetles
  9 hounds
  A sleepcap (D:5)
  4 iguanas
  Terence (D:2)
  6 orc wizards
  5 gnolls
  10 adders
  3 ufetubi (D:6)
  4 dart slugs
  2 ribbon worms
  27 orcs
  3 bats
  29 endoplasms
  4 giant cockroaches
  7 hobgoblins
  6 jackals
  25 kobolds
  2 quokkas
  2 ball pythons (D:2)
  3 frilled lizards
  12 goblins
  5 rats
249 creatures vanquished.

Notes
Turn   | Place    | Note
-------+----------+-------------------------------------------
     0 | D:1      | monsoonserge the Octopode Shapeshifter began the quest for
                  | the Orb.
     0 | D:1      | Reached XP level 1. HP: 13/13 MP: 1/1
   232 | D:1      | Reached skill level 1 in Stealth
   232 | D:1      | Reached XP level 2. HP: 18/18 MP: 2/2
   615 | D:2      | Noticed Terence
   762 | D:2      | Reached XP level 3. HP: 23/23 MP: 3/3
   965 | D:2      | Reached XP level 4. HP: 29/29 MP: 4/4
  1028 | D:2      | Found a blossoming altar of Fedhas.
  1028 | D:2      | Found a sparkling altar of Nemelex Xobeh.
  1028 | D:2      | Found a burning altar of Makhleb.
  1028 | D:2      | Found a radiant altar of Vehumet.
  1028 | D:2      | Found a burning altar of Makhleb.
  1028 | D:2      | Found a white marble altar of Elyvilon.
  1038 | D:2      | HP: 1/29 [endoplasm (1)]
  1043 | D:2      | HP: 1/43 [frozen (4)]
  1055 | D:2      | HP: 1/29 [frozen (1)]
  1393 | D:2      | Found a glowing golden altar of the Shining One.
  1446 | D:2      | Found Giyprany's Weapon Shoppe.
  1473 | D:2      | Reached XP level 5. HP: 34/34 MP: 5/5
  1494 | D:2      | Killed Terence
  1820 | D:3      | Found an iron altar of Okawaru.
  1916 | D:3      | Reached skill level 1 in Polearms
  1951 | D:3      | Noticed a water moccasin
  1968 | D:3      | Killed a water moccasin
  1969 | D:3      | Reached skill level 3 in Polearms
  1969 | D:3      | Reached XP level 6. HP: 41/41 MP: 6/6
  2054 | D:3      | Found a sparkling altar of Nemelex Xobeh.
  2408 | D:4      | Noticed a sky beast
  2435 | D:4      | Noticed Consumeair16's ghost (amateur GnCj)
  2440 | D:4      | Found a runed translucent gate.
  2440 | D:4      | Found a runed translucent gate.
  2457 | D:4      | Reached skill level 4 in Polearms
  2457 | D:4      | Reached XP level 7. HP: 34/46 MP: 7/7
  2664 | D:4      | Found a runed translucent gate.
  2717 | D:4      | Found a shimmering blue altar of Sif Muna.
  3239 | D:5      | Entered Level 5 of the Dungeon
  3284 | D:5      | Reached skill level 5 in Polearms
  3370 | D:5      | Reached XP level 8. HP: 50/54 MP: 8/8
  3587 | D:5      | Found a runed translucent gate.
  3587 | D:5      | Found a runed translucent gate.
  3587 | D:5      | Found a runed translucent gate.
  3591 | D:5      | Noticed flammie80's ghost (novice FoMo)
  3591 | D:5      | Noticed zeteo's ghost (novice GrCj)
  3609 | D:5      | Reached skill level 6 in Polearms
  3609 | D:5      | Found a burning altar of Makhleb.
  4530 | D:6      | Found a shimmering altar of Xom.
  4530 | D:6      | Found a shimmering altar of Xom.
  4530 | D:6      | Found a shimmering altar of Xom.
  4531 | D:6      | Found a shimmering altar of Xom.
  4531 | D:6      | Found a shimmering altar of Xom.
  4547 | D:6      | Identified the amulet "Hopparav" {Acrobat *Slow rElec rC+}
  4627 | D:6      | Reached skill level 1 in Shields
  4715 | D:6      | Reached skill level 5 in Dodging
  4769 | D:6      | Noticed a yak
  5094 | D:6      | Reached skill level 1 in Evocations
  5097 | D:6      | Killed a yak
  5098 | D:6      | Reached skill level 7 in Polearms
  5098 | D:6      | Reached XP level 9. HP: 46/60 MP: 9/9
  5245 | D:7      | Found Lojuinad's Armour Shoppe.
  5259 | D:7      | Reached skill level 5 in Fighting
  5388 | D:7      | Found a sacrificial altar of Ru.
  5390 | D:7      | Noticed Jeremiah
  5606 | D:7      | Found a staircase to the Ecumenical Temple.
  5613 | Temple   | Entered the Ecumenical Temple
  5640 | Temple   | Became a worshipper of Gozag Ym Sagoz the Greedy
  5668 | D:7      | Noticed a rime drake
  5669 | D:7      | Noticed Maggie
  5670 | D:7      | Noticed a rime drake
  5825 | D:7      | Found the +4 skin of Zhor {*Englaciate rC+++ SInv}
  5836 | D:7      | Noticed a rime drake
  5893 | D:7      | Found a hazy altar of Hepliaklqana.
  5977 | D:7      | Reached skill level 5 in Stealth
  6228 | D:7      | Killed Maggie
  6494 | D:8      | Reached skill level 8 in Polearms
  6498 | D:8      | Found a shadowy altar of Dithmenos.
  6498 | D:8      | Found a white marble altar of Elyvilon.
  6510 | D:8      | Noticed a two-headed ogre
  6522 | D:8      | Killed a two-headed ogre
  6523 | D:8      | Reached skill level 1 in Throwing
  6523 | D:8      | Reached XP level 10. HP: 10/68 MP: 10/10
  6792 | D:8      | Reached skill level 5 in Shapeshifting
  6910 | D:8      | Noticed a two-headed ogre
  6918 | D:8      | Killed a two-headed ogre
  7309 | D:8      | Noticed Joseph
  7542 | D:9      | Noticed Erica
  7573 | D:9      | Reached skill level 9 in Polearms
  7603 | D:9      | Killed Erica
  7649 | D:9      | Noticed a two-headed ogre
  7651 | D:9      | Banished a two-headed ogre
  7798 | D:8      | Reached XP level 11. HP: 74/74 MP: 11/11
  8004 | D:8      | Banished Joseph
  8005 | D:8      | Reached skill level 10 in Polearms
  8209 | D:4      | Killed Consumeair16's ghost
  8408 | D:5      | Killed flammie80's ghost
  8414 | D:5      | Killed zeteo's ghost
  8436 | D:5      | Learned a level 2 spell: Blink
  8903 | D:9      | Noticed Maurice
  8916 | D:9      | Killed Maurice
  8917 | D:9      | Reached skill level 1 in Translocations
  8928 | D:9      | Reached skill level 1 in Spellcasting
  9039 | D:9      | Learned a level 2 spell: Lesser Beckoning
  9042 | D:9      | Found a blossoming altar of Fedhas.
  9628 | D:10     | Entered Level 10 of the Dungeon
  9929 | D:10     | Noticed Sonja
 10492 | D:10     | Found an ancient bone altar of Kikubaaqudgha.
 10729 | D:11     | HP: 2/75 [yaktaur/bolt (19)]
 10741 | D:11     | Shot with a bolt by a yaktaur

Illustrated notes

Levels and vault maps discovered:
D:1:      saegor_arrival_fortress, layout_basic
D:2:      cheibrodos_fertilizer, layout_basic, basic_altar, serial_shops, shop,
          minmay_ruptured, uniq_terence
D:3:      layout_basic, okawaru_metal_pillars_1_2,
          nemelex_xobeh_ov_fountains_minmay
D:4:      layout_loops_ring, mainiacjoe_overflow_six_doors_small,
          gammafunk_ghost_split, serial_library_hellmonk_angled_corner
D:5:      nicolae_cairo_tiling, layout_layer_cave,
          nicolae_overflow_crystal_walls, gammafunk_ghost_cemetery
D:6:      cheibrodos_barr_body, layout_basic, xom_redecorated
D:7:      layout_gridville, nzn_hepliaklqana_mist_gate,
          mainiacjoe_overflow_cross_hatched, temple_green, serial_shops, shop,
          corner_web_ring, hellmonk_guarded_unrand_zhor, uniq_jeremiah,
          uniq_maggie
D:8:      lemuel_slime, layout_rooms, gammafunk_temple_overflow_elements,
          nrook_pool_corridor, uniq_joseph
D:9:      layout_loops_cross, mainiacjoe_overflow_tiny_flanked, st_stairs_8,
          uniq_maurice, uniq_erica
D:10:     layout_long_grid, kiku_gazebo_garden_becter, uniq_sonja
D:11:     layout_cave_pools, minmay_lair_entry_grove, serial_shops, shop,
          nicolae_shop_firing_range
Temple:   grunt_temple_mini_profane

Skill      XL: |  1  2  3  4  5  6  7  8  9 10 11 |
---------------+----------------------------------+-----
Stealth        | 1 2 3 4 6 |  6.0
Fighting       | 2 3 4 5 6 7 |  7.5
Dodging        | 3 4 5 6 7 |  7.8
Polearms       | 3 4 5 7 8 9 10 | 10.7
Shields        | 1 3 4 |  4.6
Evocations     | 1 2 |  2.0
Shapeshifting  | 4 5 6 |  6.6
Throwing       | 1 |  1.0
Translocations | 2 |  2.8
Spellcasting   | 1 |  1.0
Unarmed Combat | |  3.4

Action                     |  1- 3 |  4- 6 |  7- 9 | 10-12 || total
---------------------------+-------+-------+-------+-------++-------
  Melee: Unarmed           |    46 |    41 |       |       ||    87
         Constrict         |    12 |    17 |    26 |    14 ||    69
         Tentacles         |    12 |    12 |    21 |    23 ||    68
         Punch             |     2 |     1 |     3 |     2 ||     8
         Trident           |       |    50 |   174 |   192 ||   416
  Throw: Dart              |       |       |     4 |     4 ||     8
         Boomerang         |       |       |       |     3 ||     3
 Invoke: Potion Petition   |       |       |       |     1 ||     1
    Use: Potion            |       |     2 |       |     2 ||     4
         Scroll            |       |       |     5 |     1 ||     6
   Stab: Sleeping          |     4 |    17 |    18 |     6 ||    45
         Distracted        |       |       |     1 |     2 ||     3
 Armour: Skin              |    12 |    30 |    54 |    73 ||   169
  Dodge: Dodged            |    25 |    38 |    72 |    62 ||   197
  Block: Buckler           |       |       |    10 |    21 ||    31
